Map: Frost LE

Players

ByRada

  • Race: Zerg Zerg
  • League: Grandmaster
  • Spawn Location: 5:00

JimRising - Winner!

  • Race: Zerg Zerg
  • League: Master
  • Spawn Location: 11:00

Event: Copa América 2016 Grand Finals

VOD

Have the link to the VOD?

Description

Time

  • Played on: Oct. 13, 2016, 3:22 p.m.
  • Length: 5:35

All games in this series

Show
View Real Time Build Order
Export as new Build Order

ByRada Zerg 

Build Orders: Hatch First 

Get SALT Encoding   

  12  0:00  Drone  
  13  0:07  Drone  
  14  0:16  Overlord  
  14  0:22  Extractor, Drone  
  15  0:35  Drone x2  
  17  0:53  Hatchery  
  17  0:55  Drone  
  17  0:59  Drone  
  17  1:02  Extractor  
  17  1:16  Spawning Pool  
  17  1:18  Drone  
  17  1:22  Drone  
  18  1:27  Drone  
  19  1:37  Overlord  
  19  1:48  Drone  
  20  2:02  Queen  
  20  2:03  Zergling x2, Metabolic Boost  
  20  2:07  Queen  
  25  2:11  Drone  
  25  2:14  Drone  
  27  2:17  Drone  
  27  2:21  Drone  
  29  2:28  Spine Crawler  
  28  2:30  Drone  
  28  2:34  Drone  
  30  2:38  Overlord  
  30  2:47  Lair  
  30  2:51  Drone  
  31  2:55  Drone x2  
  33  3:00  Overlord  
  33  3:06  Drone  
  33  3:12  Drone  
  35  3:13  Drone x3  
  35  3:15  Extractor  
  37  3:21  Overlord  
  37  3:27  Overlord  
  37  3:31  Drone  
  37  3:32  Drone x3  
  37  3:33  Extractor  
  40  3:41  Baneling Nest, Drone  
  40  3:48  Drone x2  
  40  3:49  Drone x2  
  40  3:51  Extractor  
  43  3:59  Spire  
  43  4:01  Drone x2  
  44  4:05  Overlord  
  44  4:12  Zergling x6  
  47  4:20  Zergling x4  
  47  4:21  Zergling x4  
  47  4:22  Zergling x2  
  52  4:27  Overlord  
  52  4:32  Zergling x6  
  52  4:34  Baneling x2  
  52  4:35  Baneling  
  52  4:37  Baneling x2  
  55  4:39  Zergling x2  
  55  4:43  Zergling x4  
  58  4:52  Zergling x4  
  58  4:53  Zergling x2  
  52  5:01  Zergling x4  
  52  5:02  Zergling x6  
  54  5:07  Zergling x2  
Show
View Real Time Build Order
Export as new Build Order

JimRising Zerg - Winner!

Build Orders: Hatch First, Roach Nydus 

Get SALT Encoding   

  12  0:00  Drone  
  13  0:12  Overlord  
  13  0:17  Drone  
  14  0:31  Drone x2  
  14  0:35  Drone  
  17  0:55  Hatchery  
  16  0:57  Drone  
  16  1:04  Extractor  
  16  1:05  Drone  
  17  1:19  Spawning Pool  
  17  1:22  Drone  
  17  1:26  Drone  
  17  1:29  Drone  
  19  1:45  Overlord  
  19  1:50  Drone  
  20  2:00  Drone  
  21  2:05  Queen  
  21  2:07  Queen  
  25  2:11  Zergling x2  
  26  2:16  Drone  
  26  2:17  Drone  
  26  2:21  Drone  
  29  2:28  Drone  
  30  2:35  Drone  
  31  2:39  Drone  
  31  2:41  Queen  
  34  2:47  Lair  
  34  2:51  Drone  
  35  2:52  Evolution Chamber  
  35  2:56  Overlord  
  34  3:06  Drone x2  
  35  3:12  Extractor  
  35  3:15  Drone x2  
  35  3:16  Roach Warren, Drone  
  35  3:19  Extractor  
  35  3:21  Drone  
  35  3:22  Drone  
  35  3:23  Drone  
  38  3:30  Overlord  
  38  3:35  Overlord  
  38  3:36  Drone  
  39  3:49  Nydus Network  
  38  3:56  Roach x3  
  38  3:57  Roach  
  38  4:00  Roach  
  48  4:03  Roach  
  48  4:08  Overlord  
  50  4:12  Roach  
  50  4:16  Roach  
  54  4:19  Roach  
  56  4:26  Nydus Canal  
  56  4:27  Roach  
  56  4:30  Roach  
  60  4:32  Roach  
  60  4:36  Overlord  
  62  4:41  Roach  
  62  4:44  Roach  
  66  4:52  Roach x2  
  68  4:58  Roach  
  66  5:00  Roach  
  64  5:07  Roach x3  
  68  5:15  Roach x2  
Tags
 
Add a new tag
Caveats
  • Supply blocks, unpowered buildings, or Contaminate may cause inaccurate times.
  • Supply counts are checked every 10 seconds.